 Dungeon Crawl Stone Soup version 0.24.0-123-gd5b16e6ec5 (webtiles) character file.

Game seed: 6998564425108675142, levelgen mode: deterministic

1642 Curus the Basher (level 8, -1/57 HPs)
             Began as a Minotaur Abyssal Knight on Jan 6, 2020.
             Was a Priest of Lugonu.
             Slain by a killer bee (6 damage)
             ... on level 6 of the Dungeon.
             The game lasted 00:16:09 (4671 turns).

Curus the Basher (Minotaur Abyssal Knight)          Turns: 4671, Time: 00:16:10

Health: -1/57      AC: 13    Str: 17    XL:     8   Next: 67%
Magic:  11/11      EV: 11    Int:  9    God:    Lugonu [***...]
Gold:   101        SH:  4    Dex: 17    Spells: 7/7 levels left

rFire    . . .     SeeInvis .   s - +0 morningstar
rCold    . . .     Gourm    .   i - +0 buckler
rNeg     + . .     Faith    .   y - +0 chain mail
rPois    .         Spirit   .   (helmet restricted)
rElec    .         Reflect  .   (no cloak)
rCorr    .         Harm     .   n - +1 pair of gloves
MR       .....     Rnd*Tele +   f - +1 pair of boots
Stlth    ..........             (no amulet)
HPRegen  0.19/turn              e - ring of positive energy
MPRegen  0.12/turn              u - ring of flight

@: agile, lethally poisoned (-1 -> -3)
A: retaliatory headbutt, beak, claws 1, horns 2, talons 1, frail 1, low mp 1,
teleportitis 1
a: Depart the Abyss, Bend Space, Banish, Renounce Religion, Evoke Flight


You were on level 6 of the Dungeon.
You worshipped Lugonu.
Lugonu was most pleased with you.
You were not hungry.

You visited 1 branch of the dungeon, and saw 7 of its levels.
You visited the Abyss 1 time.

You collected 255 gold pieces.
You spent 154 gold pieces at shops.

Inventory:

Hand Weapons
 a - a +2 mace
 o - a +4 flail of protection
 s - a +0 morningstar (weapon)
Armour
 b - a +0 leather armour
 d - a +0 scale mail of poison resistance
 f - a +1 pair of boots (worn)
 h - a +0 pair of gloves
 i - a +0 buckler (worn)
 n - a +1 pair of gloves (worn)
 y - a +0 chain mail (worn)
Jewellery
 e - a ring of positive energy (left hand)
 u - a ring of flight (right hand)
Wands
 w - a wand of flame (18)
Scrolls
 g - a scroll of remove curse
 l - 3 scrolls of teleportation
 m - 2 scrolls of identify
 p - 2 scrolls of amnesia
 r - 2 scrolls of fear
 v - a scroll of blinking
Potions
 j - 4 potions of haste
 k - a potion of heal wounds
 q - a potion of curing
 t - a potion of ambrosia
 x - a potion of cancellation
Comestibles
 c - 17 rations
 A - 2 chunks of flesh


   Skills:
 - Level 3.6 Fighting
 + Level 9.6 Maces & Flails
 - Level 2.4 Armour
 - Level 1.1 Dodging
 + Level 8.0 Invocations


You had 7 spell levels left.
You didn't know any spells.
Your spell library contained the following spells:

 Spells                   Type           Power        Failure   Level  Hunger
 Shock                    Conj/Air       #...         100%        1    ##.....
 Swiftness                Chrm/Air       #.......     100%        2    ###....
 Static Discharge         Conj/Air       #.......     100%        3    ####...
 Airstrike                Air            #.........   100%        4    #####..
 Lightning Bolt           Conj/Air       #.........   100%        5    ######.


Dungeon Overview and Level Annotations

Branches:
Dungeon (7/15)             Temple (0/1) D:6

Altars:
Ashenzari
Dithmenos
Elyvilon
Gozag
Hepliaklqana
Kikubaaqudgha
Trog
Uskayaw
Wu Jian
Yredelemnul

Shops:
D:6 *

Annotations:
D:7 Menkaure
Abyss:1 Pikel


Innate Abilities, Weirdness & Mutations

You reflexively headbutt those who attack you in melee.
You have a pair of horns on your head.
You have a beak for a mouth.
You have sharp fingernails.
You have sharp toenails.
You are frail. (-10% HP)
Your magical capacity is low. (-10% MP)
You are occasionally teleported next to monsters.


Message History

The killer bee stings you but does no damage.
The orc wizard hits you with a +0 dagger.
* * * LOW HITPOINT WARNING * * *
The orc barely misses you.
You miss the killer bee. Your headbutt misses the killer bee.
Your peck misses the killer bee.
You feel sick. You block the killer bee's attack.
Something hits you but does no damage.
The killer bee stings you but does no damage.
The orc wizard hits you but does no damage.
The orc closely misses you. You furiously retaliate!
You headbutt the orc!
You kill the orc!
Lugonu accepts your kill. Something hits you.
* * * LOW HITPOINT WARNING * * *
Something shocks you.
* * * LOW HITPOINT WARNING * * *
You puncture the killer bee! Your headbutt misses the killer bee.
The killer bee is heavily wounded.
The killer bee stings you.
You die...

####...# ###.# #.# ###.##
#### ###....##### ##..#
##.......##.### #..##
###....##.......## ##..#
###....###...)y....###..##
###....#####..##@.........#
......## ##...##o{..(....##
.......# #...###.........(#
##.....###.^##
#..........## ##.....#..##
##...........# ##.......#
#............# #......##
#............# ##....##
##...........# #...##
#...........#


You could see a killer bee and an orc wizard.

Vanquished Creatures
  Prince Ribbit (D:6)
  A sky beast (D:6)
  A slave (D:3)
  2 ogres
  A centaur (D:6)
  A big kobold (D:5)
  2 scorpions
  A bullfrog zombie (D:6)
  A jelly (D:5)
  2 orc priests
  2 hounds
  2 bullfrog skeletons
  An iguana (D:4)
  4 orc wizards
  4 worker ants
  Robin (D:4)
  7 adders
  An ooze (D:1)
  2 adder skeletons (D:4)
  3 dart slugs
  4 leopard geckos
  25 orcs
  3 giant cockroaches
  16 goblins
  9 hobgoblins
  7 jackals (D:4)
  4 quokkas
  5 bats
  7 frilled lizards
  12 kobolds
  4 rats
136 creatures vanquished.

Notes
Turn   | Place    | Note
-------+----------+-------------------------------------------
     0 | Abyss:1  | Curus the Minotaur Abyssal Knight began the quest for the
                  | Orb.
     0 | Abyss:1  | Reached XP level 1. HP: 19/19 MP: 1/1
   230 | Abyss:1  | Noticed an iron imp
   239 | D:1      | Escaped the Abyss
   310 | D:1      | Reached * piety under Lugonu
   352 | D:1      | Reached XP level 2. HP: 16/26 MP: 2/2
   363 | D:1      | Reached skill level 3 in Maces & Flails
   594 | D:1      | Reached XP level 3. HP: 29/31 MP: 4/4
  1160 | D:2      | Reached skill level 4 in Maces & Flails
  1178 | D:2      | Reached XP level 4. HP: 39/39 MP: 5/5
  1694 | D:3      | Gained mutation: You have sharp fingernails. [potion of
                  | mutation]
  1694 | D:3      | Gained mutation: Your magical capacity is low. (-10% MP)
                  | [potion of mutation]
  1694 | D:3      | Gained mutation: You are occasionally teleported next to
                  | monsters. [potion of mutation]
  1694 | D:3      | Gained mutation: You expend magic power (3 MP) to
                  | strengthen your wands. [potion of mutation]
  1738 | D:3      | Reached ** piety under Lugonu
  1980 | D:3      | Reached XP level 5. HP: 45/45 MP: 6/6
  2022 | D:3      | Reached skill level 5 in Maces & Flails
  2289 | D:4      | Noticed Robin
  2312 | D:4      | Killed Robin
  2312 | D:4      | Reached XP level 6. HP: 44/51 MP: 7/7
  2368 | D:4      | Noticed a slave
  2369 | D:4      | Noticed a slave
  2371 | D:4      | Noticed Pikel
  2373 | D:4      | Noticed a slave
  2398 | D:3      | Reached skill level 6 in Maces & Flails
  2407 | D:3      | Killed a slave
  2617 | D:4      | Reached *** piety under Lugonu
  2617 | D:4      | Reached skill level 5 in Invocations
  2684 | D:4      | Banished Pikel
  2684 | D:4      | Reached skill level 7 in Maces & Flails
  2684 | D:4      | Reached XP level 7. HP: 43/57 MP: 9/9
  3125 | D:5      | Entered Level 5 of the Dungeon
  3280 | D:4      | Lost mutation: You expend magic power (3 MP) to strengthen
                  | your wands. [potion of mutation]
  3280 | D:4      | Gained mutation: You are frail. (-10% HP) [potion of
                  | mutation]
  3280 | D:4      | Gained mutation: You have sharp toenails. [potion of
                  | mutation]
  3280 | D:4      | Gained mutation: You have a beak for a mouth. [potion of
                  | mutation]
  3318 | D:5      | Reached skill level 8 in Maces & Flails
  3474 | D:5      | Reached XP level 8. HP: 48/57 MP: 10/10
  3765 | D:6      | Found a shadowy altar of Dithmenos.
  3765 | D:6      | Found a hazy altar of Hepliaklqana.
  3775 | D:6      | Found a bloodstained altar of Trog.
  3789 | D:6      | Noticed Prince Ribbit
  3804 | D:6      | Killed Prince Ribbit
  3880 | D:6      | Found Gyucoang's General Store.
  3904 | D:6      | Bought a scroll of fear for 49 gold pieces
  3904 | D:6      | Bought a scroll of blinking for 105 gold pieces
  3953 | D:6      | Reached skill level 9 in Maces & Flails
  3965 | D:6      | HP: 1/57 [something (6)]
  4243 | D:6      | Found a staircase to the Ecumenical Temple.
  4418 | D:6      | Found a hide-covered altar of Uskayaw.
  4419 | D:6      | Found a white marble altar of Elyvilon.
  4419 | D:6      | Found an ornate altar of the Wu Jian Council.
  4419 | D:6      | Found a shattered altar of Ashenzari.
  4421 | D:6      | Found a basalt altar of Yredelemnul.
  4422 | D:6      | Found an opulent altar of Gozag.
  4423 | D:6      | Found an ancient bone altar of Kikubaaqudgha.
  4656 | D:7      | Noticed Menkaure
  4671 | D:6      | Slain by a killer bee

Levels and vault maps discovered:
D:1:      minmay_arrival_shattered_statue, layout_basic,
          chequers_serial_rivers_micro_a, ebering_dispersal_statue_hall
D:2:      layout_loops_ring, first_ration
D:3:      layout_loops_cross
D:4:      layout_cave_pools, uniq_robin, uniq_pikel
D:5:      layout_loops_ring, nrook_campfire, minmay_misc_feat_enclosed
D:6:      layout_cave_pods, minitemple, minmay_temple_entry_junction_2,
          serial_shops, nicolae_shop_waterfront, uniq_prince_ribbit1
D:7:      layout_rooms, lightli_ossuary_entry_decrepit_ruins, grunt_livestock,
          hangedman_decor_peaks_small, fedhas_altar_decomposition, uniq_menkaure

Skill      XL: |  1  2  3  4  5  6  7  8 |
---------------+-------------------------+-----
Invocations    | 2 3 4 6 8 |  8.0
Maces & Flails | 3 4 5 7 8 9 |  9.6
Fighting       | |  3.6
Armour         | |  2.4
Dodging        | |  1.1

Action                   |  1- 3 |  4- 6 |  7- 9 || total
-------------------------+-------+-------+-------++-------
Melee: Mace              |    69 |    18 |       ||    87
       Headbutt          |     8 |    22 |    22 ||    52
       Flail             |       |   139 |    18 ||   157
       Morningstar       |       |       |   129 ||   129
       Peck              |       |       |    19 ||    19
Invok: Depart the Abyss  |     1 |       |       ||     1
       Banish            |       |       |     1 ||     1
  Use: Potion            |     5 |     2 |     6 ||    13
       Scroll            |     5 |     4 |     2 ||    11
  Eat: Chunk             |     1 |     5 |     7 ||    13
Armor: Scale mail        |    26 |   120 |    72 ||   218
       Chain mail        |       |       |    31 ||    31
Dodge: Dodged            |    31 |    92 |    74 ||   197
Block: Buckler           |       |    20 |    27 ||    47
